 Dungeon Crawl Stone Soup version 0.32-a0-520-g344ed53f66 (webtiles) character file.

Game seed: 10645207509001264340

26362 ezpacito the Fighter (level 12, -18/94 HPs)
             Began as a Demonspawn Chaos Knight on Feb 27, 2024.
             Was a Plaything of Xom.
             Demolished by a skeletal warrior
             ... wielding a +0 scimitar
              (23 damage)
             ... on level 12 of the Dungeon.
             The game lasted 00:23:39 (10916 turns).

ezpacito the Fighter (Demonspawn Chaos Knight)     Turns: 10916, Time: 00:23:40

Health: -18/94     AC: 17    Str: 26    XL:     12   Next: 97%
Magic:  24/24      EV: 15    Int: 13    God:    Xom [..*...]
Gold:   736        SH:  0    Dex: 16    Spells: 6/25 levels left

rFire   . . .        a - +0 hand axe (chaos)
rCold   + . .        (no shield)
rNeg    . . .        v - +4 ring mail of Idealism {^Contam Fly Dex+6}
rPois   .            (no helmet)
rElec   +            p - +2 cloak
rCorr   .            (no gloves)
SInv    .            i - +0 pair of boots
Will    +++..        r - amulet of Vymuby {Regen+ Str+2}
Stlth   ++           b - ring of willpower
HPRegen 1.15/turn    H - ring of willpower
MPRegen 0.38/turn

%: no passive effects
@: flying
A: ignite blood 2, magic regeneration, sharp scales 2, fangs 1, cold resistance
1, high MP 1, strong-willed 1, sense surroundings 1, electricity resistance,
strong 2
a: Renounce Religion


You were on level 12 of the Dungeon.
You worshipped Xom.
You were a toy of Xom.
You visited 2 branches of the dungeon, and saw 13 of its levels.
You also visited: Bailey.

You collected 736 gold pieces.

Inventory:

Hand Weapons
 a - a +0 hand axe of chaos (weapon)
 c - a +0 battleaxe
 f - a +7 broad axe
 w - the +4 sling "Jirru" {heavy, rF+ rCorr}
   (You found it on level 11 of the Dungeon)

   rF+:       It protects you from fire.
   rCorr:     It protects you from acid and corrosion.
Missiles
 l - 15 boomerangs
 n - 6 datura-tipped darts
 y - 29 poisoned darts (quivered)
 D - a throwing net
Armour
 d - a +0 plate armour
 e - a +1 scale mail of cold resistance
 g - +0 acid dragon scales
 i - a +0 pair of boots (worn)
 p - a +2 cloak (worn)
 v - the +4 ring mail of Idealism (worn) {^Contam Fly Dex+6}
   (You found it on level 5 of the Dungeon)

   Dex+6:     It affects your dexterity (+6).
   Fly:       It grants you flight.
   ^Contam:   It causes magical contamination when unequipped.
Magical Staves
 h - a staff of alchemy
Jewellery
 b - a ring of willpower (left hand)
 j - a ring of wizardry
 q - a ring of fire
 r - the amulet of Vymuby (around neck) {Regen+ Str+2}
   (Xom gifted it to you on level 7 of the Dungeon)

   [amulet of regeneration]

   Str+2:     It affects your strength (+2).
   Regen+:    It increases your rate of health regeneration.
 F - a ring of ice
 H - a ring of willpower (right hand)
Wands
 s - a wand of paralysis (1)
Scrolls
 k - 6 scrolls of vulnerability
Potions
 o - 3 potions of lignification
 z - 2 potions of cancellation
 B - 4 potions of mutation
Miscellaneous
 m - a phantom mirror (inert)


   Skills:
 * Level 8.5 Fighting
 * Level 7.7(8.5) Axes
 + Level 5.1(7.2) Polearms
 * Level 7.4 Armour
 * Level 7.2 Dodging
 + Level 5.6 Stealth
 * Level 7.0 Unarmed Combat
 * Level 7.0 Spellcasting
 + Level 3.2 Conjurations
 + Level 2.3 Summonings
 * Level 3.9 Necromancy
 + Level 3.1 Alchemy
 + Level 3.1 Evocations


You had 6 spell levels left.
You knew the following spells:

 Your Spells              Type           Power      Damage    Failure   Level
a - Shock                 Conj/Air       32%        1d5       11%         1
b - Fugue of the Fallen   Necr           14%        N/A       13%         3
c - Ozocubu's Armour      Ice            4%         N/A       54%         3
e - Airstrike             Air            2%         2d(1-17)  91%         4
f - Manifold Assault      Tloc           4%         N/A       91%         4
g - Summon Blazeheart Go  Fire/Summ      7%         N/A       78%         4

Your spell library contained the following spells:

 Spells                   Type           Power      Damage    Failure   Level
 Swiftness                Air            4%         N/A       54%         3
 Orb of Destruction       Conj           6%         9d6       100%        7
 Spellforged Servitor     Conj/Summ      5%         N/A       100%        7
 Chain Lightning          Conj/Air       4%         3d5       100%        9
 Fire Storm               Conj/Fire      4%         8d1       100%        9
 Shatter                  Erth           2%         3d6*      100%        9


Dungeon Overview and Level Annotations

Branches:
Dungeon (12/15)            Temple (1/1) D:6            Lair (0/5) D:11
 Bailey (visited)
    Orc: D:9-12

Altars:
Ashenzari
Cheibriados
Dithmenos
Fedhas
Gozag
Hepliaklqana
Kikubaaqudgha
Makhleb
Nemelex Xobeh
Okawaru
Qazlal
Ru
Sif Muna
Trog
Uskayaw
Vehumet
Wu Jian
Xom
Yredelemnul

Shops:
D:4 *   D:7 =

Annotations:
D:7 2 transporters, javelincjr's ghost, amateur DsFi


Innate Abilities, Weirdness & Mutations

Your demonic aura often causes spilled blood to erupt in flames.
You regenerate magic rapidly.
You are mostly covered in razor-sharp scales. (AC +2, Slay +2)
You have very sharp teeth.
Your flesh is cold resistant. (rC+)
You have an increased reservoir of magic. (+10% MP)
You are strong-willed. (Will+)
You passively map a small area around you.
You are resistant to electric shocks. (rElec)
Your muscles are very strong. (Str +8, Int/Dex -2)


Message History

The skeletal warrior hits you from afar with a +0 glaive.
The skeletal warrior attacks as it pursues you!
The skeletal warrior hits you from afar with a +0 glaive!
The skeletal warrior closely misses you.
The skeletal warrior attacks as it pursues you!
The skeletal warrior closely misses you.
The skeletal warrior is engulfed in blazing flames.
The skeletal warrior attacks as it pursues you!
The skeletal warrior hits you with a +0 battleaxe!
* * * LOW HITPOINT WARNING * * *
The skeletal warrior is engulfed in blazing flames.
The skeletal warrior is engulfed in blazing flames.
The skeletal warrior attacks as it pursues you!
The skeletal warrior hits you but does no damage.
Xom grants you some temporary aid.
The skeletal warrior attacks as it pursues you!
The skeletal warrior hits you with a +0 scimitar.
Your shadow imp misses the skeletal warrior.
Your quasit barely misses the skeletal warrior.
Your quasit claws the skeletal warrior but does no damage. x2
The skeletal warrior hits your quasit with a +0 battleaxe!!
Your quasit dies!
Your quasit disappears in a puff of smoke!
The skeletal warrior attacks as it pursues you!
The skeletal warrior hits you with a +0 scimitar!
The skeletal warrior attacks as it pursues you!
The skeletal warrior hits you with a +0 scimitar!
* * * LOW HITPOINT WARNING * * *
The skeletal warrior attacks as it pursues you!
The skeletal warrior hits you with a +0 scimitar!
* * * LOW HITPOINT WARNING * * *
The skeletal warrior is engulfed in blazing flames.
The skeletal warrior attacks as it pursues you!
The skeletal warrior hits you with a +0 scimitar!
* * * LOW HITPOINT WARNING * * *
The skeletal warrior barely misses your shadow imp.
The skeletal warrior attacks as it pursues you!
The skeletal warrior hits you with a +0 scimitar!!
You die...
Xom roars with laughter!

#.#################.#####......
#..........................####
#..........................#
#...........#####..........#
#....[......# #..........#
#....<......# #..........#
#...........# #...(......#
#.........>.#####..z.......#
#.............@☼.5○z.......#
#............>.z...........####
#...................z..........
#.....................(........
#........#######........####...
#........# #...^....# #...
#........# #........# #...
#........# #........# #...
#........# #........# #...


You could see 4 skeletal warriors and a friendly shadow imp (summoned).

Vanquished Creatures
  2 two-headed ogres
  A tengu warrior (D:11)
  Pikel (D:6)
  A deep elf pyromancer (D:10)
  An orc knight (Bailey)
  4 cyclopes
  A manticore (D:11)
  2 ugly things
  A gargoyle (D:11)
  A komodo dragon (D:9)
  A yaktaur (D:10)
  4 trolls
  Psyche (D:8)
  A polar bear (D:11)
  29 yaks
  3 wyverns
  2 vampires
  A wraith (D:11)
  Grum (D:11)
  A warg (D:11)
  A steam dragon (D:10)
  5 vampire mosquitoes
  3 acid dragons
  3 water moccasins
  9 orc warriors
  An ice beast (D:5)
  A sky beast (D:7)
  3 ogres
  5 wolves (D:11)
  6 centaurs
  2 lemures (D:6)
  2 kobold brigands
  3 bullfrogs
  2 gnoll sergeants
  3 scorpions
  11 wights
  12 killer bees
  3 howler monkeys
  3 bombardier beetles
  A gnoll bouda (D:5)
  7 hounds
  5 orc priests
  2 sleepcaps
  16 orc wizards
  3 iguanas (D:6)
  11 gnolls
  8 adders
  A shadow imp (D:7)
  3 white imps (D:5)
  2 dart slugs
  28 orcs
  14 endoplasms
  3 giant cockroaches
  14 goblins
  8 hobgoblins
  4 quokkas
  8 ball pythons
  4 bats
  A frilled lizard (D:1)
  24 kobolds
  4 rats
308 creatures vanquished.

Vanquished Creatures (collateral kills)
  An orc warlord (Bailey)
  2 vampire mosquitoes (D:11)
  An orc warrior (Bailey)
  A scorpion (D:4)
  An adder (D:4)
  4 gnolls
  2 orcs
  A kobold (D:4)
13 creatures vanquished.

Vanquished Creatures (others)
  A troll (D:11)
  A vampire mosquito (D:11)
  An orc priest (D:11)
  2 orc wizards
  An orc (D:11)
6 creatures vanquished.

Grand Total: 327 creatures vanquished

Notes
Turn   | Place    | Note
-------+----------+-------------------------------------------
     0 | D:1      | ezpacito the Demonspawn Chaos Knight began the quest for
                  | the Orb.
     0 | D:1      | Reached XP level 1. HP: 18/18 MP: 1/1
    33 | D:1      | Reached skill level 1 in Dodging
    49 | D:1      | XOM: silly message
   158 | D:1      | Gained mutation: You are partially covered in razor-sharp
                  | scales. (AC +1, Slay +1) [demonic ancestry]
   158 | D:1      | Reached XP level 2. HP: 17/24 MP: 2/2
   718 | D:2      | Reached XP level 3. HP: 29/29 MP: 3/3
   910 | D:2      | Gained mutation: You are mostly covered in razor-sharp
                  | scales. (AC +2, Slay +2) [demonic ancestry]
   910 | D:2      | Reached XP level 4. HP: 32/35 MP: 5/5
   911 | D:2      | Reached skill level 1 in Spellcasting
  1003 | D:2      | Reached skill level 1 in Polearms
  1198 | D:2      | Found a broken altar of Ashenzari.
  1522 | D:3      | Reached skill level 1 in Unarmed Combat
  1878 | D:3      | Found a sparkling altar of Nemelex Xobeh.
  2104 | D:4      | Found Gozag's Platinum Reserve.
  2104 | D:4      | Found an opulent altar of Gozag.
  2151 | D:4      | Noticed a scorpion
  2157 | D:4      | Killed a scorpion
  2158 | D:4      | Reached skill level 1 in Stealth
  2158 | D:4      | Reached XP level 5. HP: 42/42 MP: 5/7
  2214 | D:4      | XOM: summons 5 friendly demons
  2215 | D:4      | Noticed an ogre
  2220 | D:4      | Gained mutation: Your demonic aura sometimes causes spilled
                  | blood to erupt in flames. [demonic ancestry]
  2220 | D:4      | Reached XP level 6. HP: 48/48 MP: 8/8
  2296 | D:4      | XOM: give mutation
  2296 | D:4      | Gained mutation: Your magical capacity is low. (-10% MP)
                  | [Xom's mischief]
  2448 | D:4      | Reached skill level 4 in Fighting
  2476 | D:4      | XOM: summons 1 hostile demon
  2726 | D:4      | XOM: noise
  2806 | D:4      | XOM: summons 4 hostile demons
  3088 | D:5      | Entered Level 5 of the Dungeon
  3096 | D:5      | Reached XP level 7. HP: 54/54 MP: 9/9
  3154 | D:5      | XOM: confusion
  3164 | D:5      | XOM: smoke on damage
  3165 | D:5      | XOM: divination: detect items
  3275 | D:5      | XOM: 9-stop teleportation journey
  3287 | D:5      | XOM: give mutations
  3287 | D:5      | Gained mutation: You are robust. (+10% HP) [Xom's mischief]
  3287 | D:5      | Gained mutation: Your spells are a little easier to cast,
                  | but a little less powerful. [Xom's mischief]
  3287 | D:5      | Lost mutation: You are robust. (+10% HP) [Xom's mischief]
  3323 | D:5      | XOM: swap monsters
  3325 | D:5      | XOM: chaos upgrade
  3439 | D:5      | Identified the +4 ring mail of Idealism {^Contam Fly Dex+6}
  3949 | D:5      | XOM: smoke on damage
  3963 | D:5      | Gained mutation: Your demonic aura often causes spilled
                  | blood to erupt in flames. [demonic ancestry]
  3963 | D:5      | Reached XP level 8. HP: 28/61 MP: 9/10
  4077 | D:5      | Noticed a two-headed ogre
  4080 | D:5      | XOM: chaos upgrade
  4081 | D:5      | XOM: butterfly on damage
  4095 | D:5      | XOM: swap monsters
  4102 | D:5      | Killed a two-headed ogre
  4103 | D:5      | Reached skill level 5 in Fighting
  4152 | D:5      | XOM: 4-stop teleportation journey
  4202 | D:5      | XOM: silly message
  4360 | D:5      | XOM: silly message
  4526 | D:6      | Reached XP level 9. HP: 57/68 MP: 13/13
  4595 | D:6      | XOM: give mutations
  4595 | D:6      | Gained mutation: Your muscles are strong. (Str +4, Int/Dex
                  | -1) [Xom's mischief]
  4595 | D:6      | Lost mutation: Your magical capacity is low. (-10% MP)
                  | [Xom's mischief]
  4615 | D:6      | XOM: stat loss: -1 Int (12/13)
  4666 | D:6      | Noticed a troll
  4666 | D:6      | XOM: 1-stop teleportation journey
  4667 | D:6      | XOM: 2-stop teleportation journey
  4733 | D:6      | XOM: god gift: 49 gold pieces
  4852 | D:6      | XOM: cast spell 'Dispersal'
  4854 | D:6      | Noticed Pikel
  4894 | D:6      | Killed Pikel
  4895 | D:6      | Reached skill level 5 in Axes
  4933 | D:6      | XOM: god gift: 55 gold pieces
  4994 | D:6      | Found a staircase to the Ecumenical Temple.
  5003 | Temple   | Entered the Ecumenical Temple
  5045 | D:6      | Killed a troll
  5127 | D:6      | Found a burning altar of Makhleb.
  5295 | D:6      | XOM: summons 2 hostile demons
  5774 | D:7      | Found Wumuerhe's Jewellery Shoppe.
  5796 | D:7      | Reached skill level 6 in Fighting
  5812 | D:7      | Found a flagged portal.
  5829 | D:7      | Reached skill level 5 in Armour
  5834 | Bailey   | Entered a bailey
  5839 | Bailey   | Noticed an orc warlord
  5869 | Bailey   | XOM: divination: detect creatures
  5872 | Bailey   | XOM: enchant monster (good)
  5897 | Bailey   | Found a runed translucent gate.
  5920 | Bailey   | Found a runed translucent gate.
  5922 | Bailey   | Found a runed translucent gate.
  6137 | Bailey   | Noticed an orc knight
  6148 | Bailey   | XOM: summons 8 friendly demons
  6157 | Bailey   | XOM: cast spell 'Summon Dragon'
  6165 | Bailey   | Killed an orc warlord
  6166 | Bailey   | Reached skill level 5 in Dodging
  6166 | Bailey   | Gained mutation: You regenerate magic rapidly. [demonic
                  | ancestry]
  6166 | Bailey   | Reached XP level 10. HP: 75/77 MP: 15/17
  6215 | Bailey   | Killed an orc knight
  6290 | Bailey   | XOM: give mutations
  6290 | Bailey   | Gained mutation: You are resistant to electric shocks.
                  | (rElec) [Xom's grace]
  6290 | Bailey   | Gained mutation: You passively map a small area around you.
                  | [Xom's grace]
  6290 | Bailey   | Gained mutation: You are strong-willed. (Will+) [Xom's
                  | grace]
  6290 | Bailey   | Gained mutation: You have very sharp teeth. [Xom's grace]
  6328 | Bailey   | Reached skill level 5 in Unarmed Combat
  6328 | Bailey   | Reached skill level 5 in Spellcasting
  6383 | D:7      | XOM: give mutations
  6383 | D:7      | Gained mutation: You have an increased reservoir of magic.
                  | (+10% MP) [Xom's grace]
  6383 | D:7      | Lost mutation: Your spells are a little easier to cast, but
                  | a little less powerful. [Xom's grace]
  6383 | D:7      | Gained mutation: Your muscles are very strong. (Str +8,
                  | Int/Dex -2) [Xom's grace]
  6383 | D:7      | Gained mutation: Your flesh is cold resistant. (rC+) [Xom's
                  | grace]
  6606 | D:7      | Found a basalt altar of Yredelemnul.
  6788 | D:7      | XOM: summons 2 friendly demons
  6790 | D:7      | XOM: summons 1 friendly demon
  6807 | D:7      | XOM: confuse monster(s)
  6823 | D:7      | Learned a level 1 spell: Shock
  6828 | D:7      | XOM: scenery: create altars
  6874 | D:7      | XOM: god gift: 19 gold pieces
  6913 | D:7      | Identified the amulet of Vymuby {Regen+ Str+2} (Xom gifted
                  | it to you on level 7 of the Dungeon)
  6913 | D:7      | XOM: god gift: amulet of Vymuby {Regen+ Str+2}
  7002 | D:7      | Found a transporter.
  7006 | D:7      | Noticed a moth of wrath
  7007 | D:7      | Noticed javelincjr's ghost (amateur DsFi)
  7008 | D:7      | Found a bloodstained altar of Trog.
  7054 | D:7      | Found a transporter.
  7260 | D:8      | XOM: confuse monster(s)
  7263 | D:8      | Reached skill level 7 in Fighting
  7263 | D:8      | Reached skill level 1 in Alchemy
  7263 | D:8      | Reached skill level 1 in Evocations
  7263 | D:8      | Reached XP level 11. HP: 73/84 MP: 20/22
  7278 | D:8      | XOM: divination: detect creatures
  7298 | D:8      | Found a blossoming altar of Fedhas.
  7298 | D:8      | Found an ancient bone altar of Kikubaaqudgha.
  7347 | D:8      | XOM: cloud trail
  7391 | D:8      | Noticed Psyche
  7397 | D:8      | Killed Psyche
  7500 | D:8      | XOM: silly message
  7507 | D:8      | Learned a level 3 spell: Fugue of the Fallen
  7511 | D:8      | Learned a level 3 spell: Ozocubu's Armour
  7515 | D:8      | Learned a level 3 spell: Swiftness
  7520 | D:8      | Learned a level 4 spell: Airstrike
  7525 | D:8      | Learned a level 4 spell: Manifold Assault
  7586 | D:8      | Found an ornate altar of the Wu Jian Council.
  7596 | D:8      | XOM: blink monster(s)
  7749 | D:9      | XOM: cast spell 'Death Channel'
  7758 | D:9      | Reached skill level 1 in Necromancy
  7761 | D:9      | XOM: god gift: 15 gold pieces
  7826 | D:9      | XOM: cast spell 'Fugue of the Fallen'
  7886 | D:9      | Learned a level 4 spell: Summon Blazeheart Golem
  7887 | D:9      | XOM: enchant monster (good)
  7934 | D:9      | XOM: 1-stop teleportation journey
  8018 | D:9      | Reached skill level 5 in Stealth
  8243 | D:10     | Entered Level 10 of the Dungeon
  8323 | D:10     | Noticed a deep elf pyromancer
  8330 | D:10     | Reached skill level 1 in Summonings
  8330 | D:10     | Reached XP level 12. HP: 70/92 MP: 23/23
  8500 | D:10     | Reached skill level 8 in Fighting
  8641 | D:10     | Found a stormy altar of Qazlal.
  8671 | D:10     | Found a bloodstained altar of Trog.
  8683 | D:10     | Noticed a two-headed ogre
  8690 | D:10     | Killed a two-headed ogre
  8696 | D:10     | XOM: cleaving
  8716 | D:10     | XOM: 8-stop teleportation journey
  8744 | D:10     | XOM: cloud trail
  8872 | D:10     | XOM: cast spell 'Death Channel'
  9409 | D:11     | Found a staircase to the Lair.
  9415 | D:11     | XOM: polymorph orc wizard -> adder
  9419 | D:11     | XOM: enchant monster (good)
  9422 | D:11     | XOM: divine lightning
  9427 | D:11     | Noticed a tengu warrior
  9429 | D:11     | XOM: summons 2 friendly demons
  9437 | D:11     | Killed a tengu warrior
  9438 | D:11     | Reached skill level 5 in Polearms
  9588 | D:11     | XOM: fake destruction
  9744 | D:11     | Identified the +4 sling "Jirru" {heavy, rF+ rCorr}
  9755 | D:11     | Noticed Grum
  9757 | D:11     | XOM: enchant monster (bad)
  9766 | D:11     | XOM: smoke on damage
  9768 | D:11     | XOM: confuse monster(s)
  9773 | D:11     | Killed Grum
  9776 | D:11     | XOM: confusion (+ monsters)
 10072 | D:11     | XOM: noise
 10127 | D:11     | XOM: cast spell 'Leda's Liquefaction'
 10361 | D:12     | XOM: enchant monster (good)
 10445 | D:12     | XOM: enchant monster (good)
 10446 | D:12     | XOM: divination: detect creatures
 10451 | D:12     | XOM: enchant monster (good)
 10470 | D:12     | XOM: enchant monster (good)
 10696 | D:12     | XOM: silly message
 10721 | D:12     | XOM: enchant monster (good)
 10735 | D:12     | HP: 3/94 [skeletal warrior/+0 short sword (3)]
 10742 | D:12     | XOM: god gift: scroll labelled VADGHEA TAGAMITT {god gift}
 10876 | D:12     | XOM: 1-stop teleportation journey
 10904 | D:12     | XOM: summons 2 friendly demons
 10915 | D:12     | HP: 3/94 [skeletal warrior/+0 scimitar (15)]
 10916 | D:12     | Demolished by a skeletal warrior

Illustrated notes

Levels and vault maps discovered:
D:1:      ncdulo_smallfort, layout_basic
D:2:      layout_loops_ring, basic_altar, hex_large
D:3:      layout_rooms, nemelex_dance_club_becter, zin_academy
D:4:      layout_basic, nicolae_gozag_zags_fifth_avenue
D:5:      cheibrodos_barr_body, layout_loops_cross, minmay_misc_feat_room,
          kennysheep_generic_room_16
D:6:      layout_basic, bloody_makhleb, minmay_temple_entry_tees,
          nicolae_elevator_lobby_asterisk, uniq_pikel
D:7:      layout_basic, amcnicky_altar_gilded,
          gammafunk_ghost_wrathful_warriors, enter_bailey_6, serial_shops,
          nicolae_stop_n_shop_1
D:8:      layout_rooms, grunt_temple_overflow_growth_and_decay,
          nzn_wu_jian_contemplation, uniq_psyche
D:9:      layout_cave_pools
D:10:     layout_irregular_city, nicolae_overflow_hidden_temple,
          mainiacjoe_overflow_swirl, minmay_pinched_square
D:11:     layout_basic, erik_lair_orcish_takeover, uniq_grum
D:12:     layout_small_grid, hiddenorc1_lemuel, serial_shops,
          nicolae_shop_tiny_real_fake_doors
Temple:   hellmonk_temple_of_storms

Skill      XL: |  1  2  3  4  5  6  7  8  9 10 11 12 |
---------------+-------------------------------------+-----
Dodging        | 1 2 3 5 6 7 |  7.2
Armour         | 2 3 4 5 6 7 |  7.4
Spellcasting   | 1 2 3 4 6 7 |  7.0
Polearms       | 1 2 3 4 5 |  5.1
Axes           | 3 4 5 6 7 |  7.7
Unarmed Combat | 1 2 3 4 6 7 |  7.0
Stealth        | 1 2 3 4 5 |  5.6
Fighting       | 4 5 6 7 8 |  8.5
Conjurations   | 2 3 |  3.2
Alchemy        | 1 2 3 |  3.1
Evocations     | 1 2 3 |  3.1
Necromancy     | 2 3 |  3.9
Summonings     | 1 2 |  2.3

Action                     |  1- 3 |  4- 6 |  7- 9 | 10-12 || total
---------------------------+-------+-------+-------+-------++-------
  Melee: Hand axe          |    89 |   170 |   297 |   521 ||  1077
         Bite              |       |       |       |    95 ||    95
  Evoke: Wand              |       |       |       |     7 ||     7
         Phantom mirror    |       |       |       |     2 ||     2
    Use: Scroll            |       |     7 |    14 |    15 ||    36
         Potion            |       |     2 |    12 |    10 ||    24
   Stab: Sleeping          |     2 |     1 |     2 |     4 ||     9
         Distracted        |       |     2 |       |     3 ||     5
         Confused          |       |       |     1 |     7 ||     8
         Petrifying        |       |       |     1 |     3 ||     4
         Petrified         |       |       |       |     7 ||     7
         Invisible         |       |       |       |    12 ||    12
         Paralysed         |       |       |       |     1 ||     1
 Armour: Leather armour    |    56 |   136 |    51 |       ||   243
         Ring mail         |       |       |   186 |   491 ||   677
  Dodge: Dodged            |    65 |   154 |   217 |   490 ||   926
         Repelled          |     1 |       |       |     2 ||     3

Table legend: (Time is in decaauts)
 A = Elapsed time spent in this place.
 B = Non-inter-level travel time spent in this place.
 C = Inter-level travel time spent in this place.
 D = Time resting spent in this place.
 E = Time spent auto-exploring this place.
 F = Levels seen in this place.
 G = Mean time per level.
                   A        B        C        D        E       F      G
               +--------+--------+--------+--------+--------+-----+--------+
         Total |  10895 |  10280 |    615 |    411 |   7158 |  14 |  778.2 |
       Dungeon |  10385 |   9771 |    614 |    283 |   7087 |  12 |  865.4 |
        Temple |      1 |      1 |      0 |      0 |      0 |   1 |    1.0 |
        Bailey |    508 |    508 |      0 |    128 |     71 |   1 |  508.0 |
               +--------+--------+--------+--------+--------+-----+--------+

Top non-repeatable levels by time:
     D:5: 1424 daAuts
     D:6: 1214 daAuts
     D:4: 1023 daAuts
    D:10: 1019 daAuts
    D:11: 998 daAuts
     D:7: 969 daAuts
     D:1: 723 daAuts
     D:2: 719 daAuts
     D:3: 655 daAuts
     D:9: 626 daAuts
    D:12: 576 daAuts
  Bailey: 508 daAuts
     D:8: 436 daAuts
  Temple: 1 daAuts
